 Dungeon Crawl Stone Soup version 0.29-a0-575-g0dc89cf053 (webtiles) character file.

Game seed: 8052212866104175065

1303 dohliylev the Ruffian (level 8, -1/78 HPs)
             Began as a Troll Fighter on June 12, 2022.
             Was a Believer of Okawaru.
             Slain by an orc warrior
             ... wielding a +0 hand axe
              (5 damage)
             ... on level 6 of the Dungeon.
             The game lasted 00:11:11 (3321 turns).

dohliylev the Ruffian (Troll Fighter)               Turns: 3321, Time: 00:11:12

Health: -1/78      AC:  4    Str: 27    XL:     8   Next: 31%
Magic:  7/7        EV:  9    Int:  4    God:    Okawaru [**....]
Gold:   253        SH:  8    Dex:  9    Spells: 7/7 levels left

rFire   + . .      SeeInvis .     - Unarmed
rCold   . . .      Faith    .   b - +0 kite shield
rNeg    . . .      Spirit   .   a - +0 robe
rPois   .          Reflect  .   (helmet restricted)
rElec   .          Harm     .   (no cloak)
rCorr   .          Rampage  .   (gloves unavailable)
Will    .....                   (boots unavailable)
Stlth   +.........              (no amulet)
HPRegen 1.03/turn               i - ring of protection from fire
MPRegen 0.10/turn               (no ring)

@: no status effects
A: large, unfitting armour, claws 3, regeneration 1, shaggy fur 1, tough skin 1
a: Renounce Religion, Heroism


You were on level 6 of the Dungeon.
You worshipped Okawaru.
Okawaru was pleased with you.
You visited 1 branch of the dungeon, and saw 6 of its levels.

You collected 253 gold pieces.

Inventory:

Missiles
 d - a throwing net (quivered)
Armour
 a - a +0 robe (worn)
 b - a +0 kite shield (worn)
Jewellery
 i - a ring of protection from fire (left claw)
Scrolls
 e - a scroll of poison {unknown}
 g - 5 scrolls of identify {unknown}
 h - 2 scrolls of teleportation {unknown}
 j - a scroll of blinking {unknown}
 k - a scroll of torment {unknown}
 l - 2 scrolls of noise {unknown}
 m - 2 scrolls of immolation {unknown}
 o - 2 scrolls of enchant armour {unknown}
 p - a scroll of summoning {unknown}
 q - 2 scrolls of fear {unknown}
 s - a scroll of fog {unknown}
Potions
 c - 3 potions of might
 f - 2 potions of berserk rage {unknown}
 r - 3 potions of curing


   Skills:
 + Level 3.9 Fighting
 + Level 4.6 Dodging
 + Level 4.9 Shields
 + Level 6.9 Unarmed Combat


You had 7 spell levels left.
You didn't know any spells.
Your spell library contained the following spells:

 Spells                   Type           Power      Damage    Failure   Level
 Sandblast                Erth           0%         2d4       77%         1
 Blink                    Tloc           0%         N/A       88%         2
 Passwall                 Tmut/Erth      0%         N/A       88%         2
 Stone Arrow              Conj/Erth      0%         3d7       98%         3
 Dispersal                Tloc           0%         N/A       100%        6
 Disjunction              Tloc           0%         N/A       100%        8


Dungeon Overview and Level Annotations

Branches:
Dungeon (6/15)
 Temple: D:4-7

Altars:
Dithmenos
Fedhas
Okawaru
Sif Muna
Trog
The Shining One

Shops:
D:1 !   D:3 *


Innate Abilities, Weirdness & Mutations

You are too large for most types of armour.
You have claws for hands.
Your natural rate of healing is unusually fast.
You are covered in fur. (AC +1)
You have tough skin. (AC +1)


Message History

You closely miss the orc.
The orc is moderately wounded.
The orc warrior hits you with a +0 hand axe.
The orc hits you but does no damage.
You mangle the orc!!
You kill the orc!
Okawaru accepts your kill.
The orc warrior hits you with a +0 hand axe!
The orc barely misses you.
Found a robe.
The orc warrior hits you with a +0 hand axe.
You block the orc's attack.
Things that are here:
a +0 flail; an orc corpse You scratch the orc but do no damage.
The orc warrior hits you with a +0 hand axe!
The orc hits you with a +0 dagger.
You closely miss the orc. The orc warrior closely misses you.
The orc barely misses you.
You closely miss the orc.
The orc warrior hits you with a +0 hand axe!
The orc closely misses you.
You mangle the orc!!
You kill the orc!
Okawaru accepts your kill. You block the orc warrior's attack.
The orc warrior hits you with a +0 hand axe!
* * * LOW HITPOINT WARNING * * *
Items here: )) [[ †.
You claw the orc warrior!
The orc warrior is heavily wounded.
The orc warrior hits you with a +0 hand axe!
* * * LOW HITPOINT WARNING * * *
You scratch the orc warrior.
The orc warrior is severely wounded.
The orc warrior hits you with a +0 hand axe.
* * * LOW HITPOINT WARNING * * *
The orc warrior attacks as you move away!
The orc warrior hits you with a +0 hand axe.
You die...

......#.......# ..
...#.......# #.......#
.#.### ##.###### ......
#.# .#.#.# #.# ....
#.#########..##
########.#...........#
#...............@o...#
#........#......))#..#
....................>#
#........#...............
#........#...............
#........#...............
#........#######.........
#......... #........[
#.........# #.........


You could see an orc warrior.

Vanquished Creatures
  A wraith (D:5)
  Duvessa (D:5)
  An ogre (D:5)
  A centaur (D:5)
  A phantom (D:6)
  3 scorpions
  Dowan (D:5)
  2 hounds
  4 orc priests
  A gnoll shaman (D:5)
  Jessica (D:3)
  2 iguanas
  3 orc wizards
  3 gnolls (D:5)
  9 adders
  2 worms
  3 dart slugs
  15 orcs
  10 endoplasms
  6 giant cockroaches
  6 goblins
  4 hobgoblins
  3 jackals (D:1)
  4 quokkas
  4 ball pythons
  5 bats
  2 frilled lizards
  9 kobolds
  11 rats
118 creatures vanquished.

Notes
Turn   | Place    | Note
-------+----------+-------------------------------------------
     0 | D:1      | dohliylev the Troll Fighter began the quest for the Orb.
     0 | D:1      | Reached XP level 1. HP: 22/22 MP: 0/0
    68 | D:1      | Reached XP level 2. HP: 29/29 MP: 1/1
   122 | D:1      | Found Jinketwo's Distillery.
   292 | D:1      | Reached XP level 3. HP: 36/36 MP: 2/2
   444 | D:1      | Found a faded altar of an unknown god.
   736 | D:2      | Reached XP level 4. HP: 43/44 MP: 3/3
   967 | D:2      | Reached skill level 3 in Unarmed Combat
  1175 | D:3      | Found Qimearech's Assorted Antiques.
  1216 | D:3      | Noticed Jessica
  1236 | D:3      | Killed Jessica
  1255 | D:3      | Found a blossoming altar of Fedhas.
  1255 | D:3      | Found an iron altar of Okawaru.
  1319 | D:3      | Became a worshipper of Warmaster Okawaru
  1360 | D:3      | Reached XP level 5. HP: 52/52 MP: 4/4
  1534 | D:3      | Found a shadowy altar of Dithmenos.
  1713 | D:4      | Reached skill level 4 in Unarmed Combat
  1818 | D:4      | Identified the +1 ring mail "Viojip" {Harm rC+ Str-3 Dex+9}
  1975 | D:4      | Reached XP level 6. HP: 57/61 MP: 5/5
  2172 | D:5      | Entered Level 5 of the Dungeon
  2177 | D:5      | Reached * piety under Okawaru
  2178 | D:5      | Reached skill level 5 in Unarmed Combat
  2294 | D:5      | Reached XP level 7. HP: 42/67 MP: 6/6
  2642 | D:5      | Noticed Duvessa
  2643 | D:5      | Found a bloodstained altar of Trog.
  2652 | D:5      | Killed Duvessa
  2653 | D:5      | Reached skill level 6 in Unarmed Combat
  2657 | D:5      | Noticed Dowan
  2678 | D:5      | Found a shimmering blue altar of Sif Muna.
  2696 | D:5      | Killed Dowan
  2713 | D:5      | Got Sif Muna's Collected Works on Translocation
  2879 | D:5      | Found a glowing golden altar of the Shining One.
  3007 | D:5      | Noticed a wraith
  3015 | D:5      | Killed a wraith
  3015 | D:5      | Reached ** piety under Okawaru
  3016 | D:5      | Reached XP level 8. HP: 65/75 MP: 7/7
  3321 | D:6      | Slain by an orc warrior

Illustrated notes

Levels and vault maps discovered:
D:1:      amcnicky_arrival_underground_garden, layout_loops_ring,
          shapermc_ecumenical_altar_ellora, serial_shops,
          nicolae_shop_advertising_works [nicolae_subvault_shop_adworks]
D:2:      layout_rooms
D:3:      layout_rooms, nicolae_dithmenos_shadow_blocks,
          mainiacjoe_overflow_divided_tiny, serial_shops, shop, uniq_jessica
D:4:      layout_cave_pools, kennysheep_generic_room_15
D:5:      layout_basic, nzn_overflow_gifts_of_might_and_magic, tso_oasis_becter
D:6:      layout_basic, kennysheep_mini_moat

Skill      XL: |  1  2  3  4  5  6  7 |
---------------+----------------------+-----
Shields        | 3 4 |  4.9
Unarmed Combat | 3 4 5 6 |  6.9
Dodging        | 3 4 |  4.6
Fighting       | 3 |  3.9

Action                   |  1- 3 |  4- 6 |  7- 9 || total
-------------------------+-------+-------+-------++-------
Melee: Unarmed           |    84 |   139 |   106 ||   329
Invok: Heroism           |       |       |     1 ||     1
Evoke: Wand              |       |       |     5 ||     5
 Stab: Sleeping          |       |     1 |       ||     1
Armor: Robe              |    21 |    34 |    19 ||    74
Dodge: Dodged            |    25 |    41 |    41 ||   107
Block: Kite shield       |    32 |    50 |    38 ||   120

Table legend: (Time is in decaauts)
 A = Elapsed time spent in this place.
 B = Non-inter-level travel time spent in this place.
 C = Inter-level travel time spent in this place.
 D = Time resting spent in this place.
 E = Time spent auto-exploring this place.
 F = Levels seen in this place.
 G = Mean time per level.
                   A        B        C        D        E       F      G
               +--------+--------+--------+--------+--------+-----+--------+
         Total |   3341 |   3285 |     56 |    225 |   2073 |   6 |  556.8 |
       Dungeon |   3341 |   3285 |     56 |    225 |   2073 |   6 |  556.8 |
               +--------+--------+--------+--------+--------+-----+--------+

Top non-repeatable levels by time:
     D:5: 992 daAuts
     D:1: 659 daAuts
     D:2: 526 daAuts
     D:3: 501 daAuts
     D:4: 499 daAuts
     D:6: 162 daAuts
